 Dungeon Crawl Stone Soup version 0.32-a0-329-ge6c31236d6 (webtiles) character file.

Game seed: 3722484685428910627

1551123 juan097 the Slayer (level 25, 243/243 HPs)
             Began as a Minotaur Fighter on Feb 15, 2024.
             Was the Champion of Ru.
             Escaped with the Orb
             ... and 3 runes on Feb 16, 2024!
             The game lasted 03:24:26 (77397 turns).

juan097 the Slayer (Minotaur Fighter)              Turns: 77397, Time: 03:24:26

Health: 243/243    AC: 43    Str: 33    XL:     25   Next: 44%
Magic:  31/31      EV: 17    Int:  5    God:    Ru [******]
Gold:   2889       SH: 21    Dex: 10    Spells: 24/24 levels left

rFire   + + .        a - +8 mithril axe "Arga" {speed, Will+}
rCold   + + +        N - +2 shield of Resistance {rF++ rC++ Will++}
rNeg    + + .        g - +6 gold dragon scales
rPois   +            O - +3 crown of Dyrovepreva {rElec Int+2 SInv}
rElec   +            Q - +2 cloak {Stlth+}
rCorr   .            V - +2 pair of gloves {hurl}
SInv    +            e - +1 pair of boots of the Shoals {rF- Slay+5 SInv}
Will    ++++.        w - amulet "Kintioh" {Reflect rN+ MP+9 SH+5 SInv} Stlth
                     c - ring of positive energy
HPRegen 0.60/turn    F - +5 ring of evasion {=R}
MPRegen 0.22/turn

%: inaccuracy (-5), reflection
@: studying 2 skills
A: horns 2, inability to drink after injury 2, hated by all, no fire magic, no
hexes magic, no translocations magic, unskilled 1, missing an eye, retaliatory
headbutt, no forms, fangs 1, dopey 1
0: Orb of Zot
}: 3/15 runes: decaying, silver, gossamer
a: Renounce Religion, Draw Out Power, Power Leap, Apocalypse


You escaped.
You worshipped Ru.
Ru was exalted by your worship.
You visited 9 branches of the dungeon, and saw 45 of its levels.
You also visited: Trove, Bailey, Ice Cave, Volcano and Desolation.

You collected 7073 gold pieces.
You spent 4184 gold pieces at shops.

Inventory:

Hand Weapons
 a - the +8 mithril axe "Arga" (weapon) {speed, Will+}
   (You took it off a vault warden on level 5 of the Vaults)

   Will+:     It increases your willpower.
 n - a +5 heavy broad axe
 T - the +8 Vampire's Tooth {megavamp}
   (You found it on level 3 of the Depths)
Missiles
 k - 4 javelins (quivered)
 G - a throwing net
 K - 5 curare-tipped darts
 X - 15 darts of dispersal
Armour
 e - the +1 pair of boots of the Shoals (worn) {rF- Slay+5 SInv}
   (You found it on level 3 of the Depths)

   Slay+5:    It affects your accuracy & damage with ranged weapons and melee
   (+5).
   rF-:       It makes you vulnerable to fire.
   SInv:      It lets you see invisible.
 g - +6 gold dragon scales (worn)
 i - a +0 cloak of preservation
 N - the +2 shield of Resistance (worn) {rF++ rC++ Will++}
   (You bought it in a shop on level 3 of the Depths)

   rF++:      It greatly protects you from fire.
   rC++:      It greatly protects you from cold.
   Will++:    It greatly increases your willpower.
 O - the +3 crown of Dyrovepreva (worn) {rElec Int+2 SInv}
   (You acquired it on level 2 of the Orcish Mines)

   Int+2:     It affects your intelligence (+2).
   rElec:     It insulates you from electricity.
   SInv:      It lets you see invisible.
 Q - a +2 cloak of stealth (worn)
 V - a +2 pair of gloves of hurling (worn)
Jewellery
 b - a ring of resist corrosion
 c - a ring of positive energy (left hand)
 t - a ring of willpower
 w - the amulet "Kintioh" (around neck) {Reflect rN+ MP+9 SH+5 SInv}
   (You took it off an ironbound preserver on level 4 of the Vaults)

   [amulet of reflection]

   Reflect:   It reflects blocked missile attacks.
   rN+:       It protects you from negative energy.
   MP+9:      It affects your magic capacity (+9).
   SInv:      It lets you see invisible.
   SH+5:      It affects your SH (+5).
 F - a +5 ring of evasion (right hand) {=R}
Wands
 q - a wand of acid (2)
 z - a wand of flame (2)
 D - a wand of iceblast (16)
 L - a wand of digging (27)
 R - a wand of mindburst (20)
Scrolls
 j - 3 scrolls of revelation
 m - 9 scrolls of vulnerability
 r - 7 scrolls of immolation
 x - 2 scrolls of silence
 y - a scroll of enchant weapon
 B - 19 scrolls of teleportation
 C - 5 scrolls of poison
 E - 6 scrolls of blinking
 H - 7 scrolls of fog
 J - 3 scrolls of brand weapon
 W - 6 scrolls of fear
Potions
 d - 9 potions of mutation
 h - 24 potions of curing
 l - a potion of heal wounds
 o - a potion of might
 s - 6 potions of ambrosia
 u - 5 potions of enlightenment
 v - 9 potions of attraction
 A - 6 potions of haste
 I - 2 potions of cancellation
 P - 3 potions of berserk rage
 U - 3 potions of resistance
 Y - 3 potions of magic
Miscellaneous
 f - a phial of floods
 p - a lightning rod (4/4)
 Z - a condenser vane (inert)


   Skills:
 + Level 23.4 Fighting
 - Level 10.0 Short Blades
 - Level 18.0 Axes
 - Level 16.0 Throwing
 + Level 21.6 Armour
 - Level 15.0 Dodging
 - Level 10.0 Stealth
 + Level 19.8 Shields
 + Level 13.7 Evocations


You had 24 spell levels left.
You didn't know any spells.
Your spell library contained the following spells:

 Spells                   Type           Power      Damage    Failure   Level
 Freeze                   Ice            0%         1d3       99%         1
 Kiss of Death            Conj/Necr      0%         2d5       99%         1
 Magic Dart               Conj           0%         1d3       99%         1
 Necrotise                Necr           0%         1d4       99%         1
 Sandblast                Erth           0%         2d4       99%         1
 Cigotuvi's Dreadful Rot  Necr/Alch/Air  0%         N/A       100%        2
 Static Discharge         Conj/Air       0%         3-3/arc   100%        2
 Sublimation of Blood     Necr           0%         N/A       100%        2
 Frozen Ramparts          Ice            0%         1d1       100%        3
 Hailstorm                Conj/Ice       0%         3d5       100%        3
 Mephitic Cloud           Conj/Alch/Air  0%         N/A       100%        3
 Ozocubu's Armour         Ice            0%         N/A       100%        3
 Stone Arrow              Conj/Erth      0%         3d7       100%        3
 Vampiric Draining        Necr           0%         2d6       100%        3
 Airstrike                Air            0%         2d(0-16)  100%        4
 Brom's Barrelling Bould  Conj/Erth      0%         2d3       100%        4
 Dispel Undead            Necr           0%         3d6       100%        4
 Leda's Liquefaction      Alch/Erth      0%         N/A       100%        4
 Olgreb's Toxic Radiance  Alch           0%         N/A       100%        4
 Petrify                  Alch/Erth      0%         N/A       100%        4
 Arcjolt                  Conj/Air       0%         1d10      100%        5
 Curse of Agony           Necr           0%         N/A       100%        5
 Freezing Cloud           Conj/Ice/Air   0%         6-21      100%        5
 Irradiate                Conj/Alch      0%         3d11      100%        5
 Iskenderun's Battlesphe  Conj           0%         2d6       100%        5
 Lee's Rapid Deconstruct  Erth           0%         3d4*      100%        5
 Conjure Ball Lightning   Conj/Air       0%         3x3d6     100%        6
 Orb of Destruction       Conj           0%         9d5       100%        7
 Ozocubu's Refrigeration  Ice            0%         4d7       100%        7
 Polar Vortex             Ice            0%         N/A       100%        9
 Shatter                  Erth           0%         3d5*      100%        9
 Slow                     Hex            Unusable   N/A       N/A         1
 Blink                    Tloc           Unusable   N/A       N/A         2
 Call Imp                 Summ           Unusable   N/A       N/A         2
 Confusing Touch          Hex            Unusable   N/A       N/A         3
 Dazzling Flash           Conj/Hex       Unusable   N/A       N/A         3
 Inner Flame              Hex/Fire       Unusable   N/A       N/A         3
 Sigil of Binding         Hex            Unusable   N/A       N/A         3
 Anguish                  Hex/Necr       Unusable   N/A       N/A         4
 Animate Armour           Summ/Erth      Unusable   N/A       N/A         4
 Cause Fear               Hex            Unusable   N/A       N/A         4
 Ignite Poison            Fire/Alch      Unusable   N/A       N/A         4
 Martyr's Knell           Necr/Summ      Unusable   N/A       N/A         4
 Summon Lightning Spire   Summ/Air       Unusable   N/A       N/A         4
 Fireball                 Conj/Fire      Unusable   3d3       N/A         5
 Metabolic Englaciation   Hex/Ice        Unusable   N/A       N/A         5
 Sculpt Simulacrum        Ice/Alch       Unusable   N/A       N/A         6
 Enfeeble                 Hex            Unusable   N/A       N/A         7
 Discord                  Hex            Unusable   N/A       N/A         8

Dungeon Overview and Level Annotations

Branches:
Dungeon (15/15)            Temple (1/1) D:6            Lair (5/5) D:10
  Swamp (4/4) Lair:3       Spider (4/4) Lair:3        Slime (0/5) Lair:4
    Orc (2/2) D:11            Elf (0/3) Orc:2        Vaults (5/5) D:14
  Crypt (0/3) Vaults:2     Depths (4/4) D:15            Zot (5/5) Depths:4
 Bailey (visited)           IceCv (visited)         Volcano (visited)
Desolation (visited)

Altars:
Ashenzari
Cheibriados
Dithmenos
Elyvilon
Gozag
Kikubaaqudgha
Makhleb
Nemelex Xobeh
Okawaru
Qazlal
Ru
Sif Muna
Trog
Uskayaw
Vehumet
Wu Jian
Xom
Zin
The Shining One

Shops:
D:1 :   D:6 ?   D:8 (   D:11 :   Orc:2 :**[?   Zot:5 *   Depths:1 [
Depths:3 [   Depths:4 ([

Portals:
Hell: Depths:1 Depths:2 Depths:3 Depths:4
Abyss: Depths:3 Depths:4
Pandemonium: Depths:2
Ziggurat: Depths:3

Annotations:
Lair:4 2 transporters, Hoaki's ghost, journeyman HONe
Spider:1 3 runed translucent doors, juan097's ghost, adept AtFi


Innate Abilities, Weirdness & Mutations

You have a pair of horns on your head.
You sometimes lose the ability to drink potions when taking damage.
You are hated by all.
You cannot study or cast Fire magic.
You cannot study or cast Hexes magic.
You cannot study or cast Translocations magic.
You are somewhat unskilled. (-1 Apt)
You are missing an eye, making it more difficult to aim.
You reflexively headbutt those who attack you in melee.
You cannot voluntarily change form.
You have very sharp teeth.
You are dopey. (Int -2)


Message History

No target in view!
No target in view!
No target in view!
No target in view!
No target in view!
No target in view!
What level of the Dungeon? (default 1, ? - help)
There is a stone staircase leading up here.
You climb upwards.
There is a stone staircase leading down here.
You see here a +0 flail.
A ynoxinul comes into view.
You block the ynoxinul's attack.
You slash the ynoxinul! Your headbutt misses the ynoxinul.
The ynoxinul is heavily wounded.
You slash the ynoxinul! You headbutt the ynoxinul!
You kill the ynoxinul!
No target in view!
No target in view!
What level of the Dungeon? (default 1, ? - help)
There is a stone staircase leading up here.
You climb upwards.
There is a stone staircase leading down here.
There is a stone staircase leading up here.
You climb upwards.
There is a stone staircase leading down here.
There is a stone staircase leading up here.
You climb upwards.
There is a stone staircase leading down here.
There is an open door here.
You enter the shallow water.
Moving in this stuff is going to be slow.
A Reify, a sixfirhy, a hell beast and a lich come into view.
There is an open door here.
The hell beast hisses angrily.
The lich shouts!
There is a staircase leading out of the dungeon here.
The lich is engulfed in a thunderstorm.
The lich gestures wildly while chanting.
The lich flickers and vanishes for a moment.
You have escaped!

####.###############
#.....# # #####.# #
### ######### #
#≈≈###~~##≈≈≈## #
##≈~~##~~≈≈≈≈##
#≈~###≈≈≈~~~~~#
####'###≈≈≈#####'#
.......~≈≈~.....@#
......~~≈~~......#
......~~≈≈≈......#
......~≈≈~...3...#
......≈≈≈≈..2§§§.#
......~≈≈~...§&§.#
.....≈≈~≈~...§§L.#
.....~≈≈≈≈....§§.#
.....≈≈≈~.......>#


You could see Reify (clouds), a hell beast, a lich (invisible) and a sixfirhy.

Vanquished Creatures
  5 dread liches
  3 ancient liches
  4 orbs of fire
  The ghost of Sackuas the Slayer, a veteran OnBe of Trog (Zot:4)
  Boris (Depths:3)
  3 Killer Klowns (Zot:5)
  5 curse toes
  Nikola (Swamp:1)
  13 golden dragons
  A bone dragon (Depths:4)
  Arachne (Spider:2)
  4 electric golems
  Jorgrun (Spider:2)
  Rupert (D:15)
  17 tentacled monstrosities
  2 liches
  A walking earthen tome (Zot:2)
  13 titans
  2 walking divine tomes
  24 Orb Guardians
  A walking frostbound tome (Zot:2)
  4 quicksilver dragons
  Frances (D:12)
  2 Executioners
  3 sphinxes
  9 death cobs
  Gastronok (D:11)
  9 shadow dragons
  6 tengu reavers
  Donald (Spider:2)
  12 protean progenitors
  15 storm dragons
  A thorn hunter (Swamp:3)
  4 fire giants
  A pandemonium lord (D:15)
  A revenant (Vaults:2)
  7 draconian monks
  2 narguns (Zot:2)
  An imperial myrmidon (Desolation)
  3 draconian shifters
  A deep elf sorcerer (Vaults:4)
  A fenstrider witch (Swamp:2)
  3 draconian knights
  4 frost giants
  9 ghost moths
  7 vault wardens
  6 balrugs (Zot:3)
  An iron dragon (Depths:3)
  10 draconian scorchers
  3 emperor scorpions
  A juggernaut zombie (Depths:3)
  2 draconian stormcallers
  11 ironbound preservers
  2 orc warlords
  4 spectral caustic shrikes (Depths:1)
  4 spriggan defenders
  A cacodemon (D:5)
  A broodmother (Spider:3)
  11 stone giants
  Nessos (D:13)
  10 draconian annihilators
  A deep elf demonologist (Vaults:5)
  4 formless jellyfish
  9 ironbound thunderhulks
  22 very ugly things
  4 war gargoyles
  10 green draconians
  2 vampire knights
  7 black draconians
  A halazid warlock (Desolation)
  11 purple draconians
  5 bunyips
  A deep elf annihilator (Vaults:5)
  Azrael (D:14)
  8 dire elephants
  5 eleionomae
  14 red draconians
  16 white draconians
  5 yellow draconians
  6 spark wasps
  Snorg (D:10)
  3 blizzard demons (Zot:3)
  2 crystal guardians (Desolation)
  A spectral quicksilver dragon (Zot:4)
  12 ettins
  6 fire dragons
  2 entropy weavers
  9 ragged hierophants
  2 green deaths (Swamp:4)
  3 deep elf high priests
  An entropy weaver (shapeshifter) (Vaults:4)
  3 rakshasas
  A ghost crab (Swamp:3)
  9 peacekeepers
  A sphinx zombie (Vaults:4)
  15 yaktaur captains
  6 great orbs of eyes
  2 catoblepae
  4 ice dragons
  9 jorogumos
  7 servants of whispers (Desolation)
  A spectral shadow dragon (Zot:4)
  7 ogre magi
  4 spriggan air magi
  27 vault guards
  16 hydras
  7 boulder beetles
  2 radroaches
  9 ironbound frosthearts
  Fannar (D:11)
  A two-headed ogre (shapeshifter) (Vaults:4)
  5 dancing weapons (Zot:2)
  31 two-headed ogres
  13 alligators
  2 anacondas (Zot:3)
  18 centaur warriors
  3 deep troll earth magi
  5 deep troll shamans
  A vampire mage (Vaults:2)
  14 death yaks
  3 tengu warriors
  2 spectral storm dragons (Zot:4)
  The ghost of Zyoxi the Covert, a journeyman VSCK of Xom (Lair:2)
  7 demonic crawlers
  4 spriggan berserkers
  2 orc high priests
  5 hell knights (Depths:3)
  3 shock serpents (Zot:2)
  Sonja (D:12)
  4 skysharks
  2 sixfirhies (D:15)
  Amaemon (D:10)
  A salamander mystic (Volcano)
  3 iron trolls
  A bunyip zombie (Swamp:1)
  7 skeletal warriors
  7 pharaoh ants
  A spectral yellow draconian (Zot:4)
  A death drake (Swamp:4)
  2 deep trolls (shapeshifter)
  4 goliath frogs
  3 orb spiders
  5 glowing orange brains
  41 deep trolls
  4 swamp dragons
  3 spriggan druids
  10 arcanists
  4 bog bodies
  7 necromancers
  8 orc knights
  11 lindwurms
  11 steelbarb worms
  22 ironbound convokers
  8 phantasmal warriors
  2 alligator zombies (Swamp:1)
  Pikel (D:3)
  2 orc sorcerers
  A deep elf pyromancer (D:15)
  5 harpies (Vaults:3)
  A shining eye (shapeshifter) (Depths:2)
  6 manticores
  2 human zombies
  3 cyclopes
  18 wolf spiders
  4 salamanders (Volcano)
  51 ugly things
  2 large abominations
  Maurice (D:9)
  4 will-o-the-wisps
  An iron dragon skeleton (Depths:3)
  21 moths of wrath
  17 elephants
  3 meliai
  An ice statue (IceCv)
  10 black mambas
  4 kobold blastminers
  A frost giant skeleton (Vaults:4)
  A guardian serpent (Desolation)
  20 vault sentinels
  An eye of devastation (Lair:4)
  4 molten gargoyles
  A stone giant skeleton (Vaults:4)
  7 torpor snails
  A storm dragon simulacrum (Zot:4)
  11 cane toads
  6 orange demons
  3 gargoyles
  3 bunyip simulacra (Swamp:1)
  A komodo dragon (shapeshifter) (Vaults:5)
  An efreet (D:15)
  15 komodo dragons
  A kobold demonologist (D:11)
  A ghost moth simulacrum (Zot:4)
  3 tengu conjurers
  8 rime drakes
  A golden dragon simulacrum (Zot:4)
  33 yaktaurs
  A freezing wraith (Vaults:1)
  A red devil (D:5)
  A troll (shapeshifter) (D:14)
  23 polar bears
  A spectral moth of wrath (Zot:4)
  7 hornets
  A bloated husk (Swamp:3)
  10 trolls
  8 tyrant leeches
  A shadow dragon simulacrum (Depths:3)
  2 alligator simulacra (Swamp:1)
  4 glass eyes
  12 tarantellas
  15 blink frogs
  A raiju (shapeshifter) (D:14)
  57 saltlings
  23 culicivoras
  45 slime creatures
  A frost giant simulacrum (Vaults:3)
  3 shadows (Swamp:4)
  2 draconian simulacra (Zot:4)
  6 spriggans
  21 jumping spiders
  2 water elementals (Depths:1)
  A fire elemental (D:14)
  An elf zombie (Vaults:3)
  A wraith (D:11)
  4 wyverns
  A ynoxinul (D:4)
  A vampire (D:7)
  5 basilisks
  60 yaks
  2 fire bats (Volcano)
  10 vampire mosquitoes
  3 steam dragons
  A death yak simulacrum (Lair:2)
  3 human simulacra
  2 wargs
  A green draconian simulacrum (Zot:4)
  30 redbacks
  12 swamp worms
  4 acid dragons
  16 water moccasins
  6 hell hounds
  A hydra simulacrum (Lair:2)
  2 moth of wrath simulacra (Zot:4)
  22 orc warriors
  A black bear (shapeshifter) (D:14)
  5 swamp drakes
  25 ogres
  A sky beast (D:7)
  3 black bears
  2 black mamba simulacra (Lair:2)
  26 wolves
  4 laughing skulls (D:14)
  15 centaurs
  2 lemures (D:3)
  A phantom (D:7)
  5 kobold brigands
  15 bullfrogs
  A gnoll sergeant (D:7)
  4 scorpions (D:5)
  8 wights
  A dream sheep simulacrum (Lair:2)
  3 killer bees (Lair:3)
  6 howler monkeys
  2 electric eels
  6 lava snakes (Volcano)
  2 bombardier beetles
  A jelly (shapeshifter) (Vaults:5)
  6 hounds
  A gnoll bouda (D:7)
  9 orc priests
  An iguana (D:4)
  Terence (D:2)
  15 orc wizards
  A basilisk simulacrum (Lair:2)
  11 adders
  12 gnolls
  6 shadow imps
  2 white imps (D:5)
  2 ufetubi (D:5)
  3 dart slugs
  51 orcs
  4 ball pythons
  2 bats
  9 endoplasms
  3 giant cockroaches
  12 goblins
  13 hobgoblins
  4 jackals (D:3)
  2 quokkas
  2 frilled lizards
  41 kobolds
  3 rats
  A spectral kobold (D:3)
  A spectral weapon (Zot:5)
1954 creatures vanquished.

Vanquished Creatures (others)
  2 Orb Guardians (Zot:5)
  2 titans
  2 quicksilver dragons (Vaults:5)
  A fenstrider witch (Swamp:4)
  A draconian knight (Zot:1)
  An emperor scorpion (Spider:4)
  A vault warden (Vaults:5)
  A draconian annihilator (Zot:4)
  A spriggan defender (Depths:3)
  An ironbound preserver (Vaults:1)
  A white draconian (Zot:1)
  2 red draconians
  A war gargoyle (Vaults:4)
  A yellow draconian (Zot:1)
  A dire elephant (Vaults:2)
  An ettin (Vaults:4)
  A blizzard demon (Zot:3)
  A vault guard (Vaults:4)
  2 hydras
  2 ice dragons (Zot:3)
  A jorogumo (Spider:1)
  A peacekeeper (Desolation)
  An ironbound frostheart (Vaults:1)
  A centaur warrior (Vaults:1)
  A deep troll (Vaults:1)
  A skeletal warrior (D:13)
  An arcanist (D:14)
  2 steelbarb worms
  A necromancer (Vaults:1)
  An orc knight (Vaults:3)
  A wolf spider (Spider:4)
  An ugly thing (Depths:2)
  A kobold blastminer (Orc:2)
  2 vault sentinels
  A moth of wrath (Zot:4)
  A bloated husk (Swamp:4)
  2 trolls
  A saltling (Desolation)
  A slime creature (Vaults:2)
  A culicivora (Spider:4)
  2 yaks
  2 redbacks
  A steam dragon (D:8)
  A vampire mosquito (D:13)
  A water moccasin (Lair:5)
  A wolf (D:11)
  An orc wizard (Vaults:5)
  10 foxfires
68 creatures vanquished.

Grand Total: 2022 creatures vanquished

Notes
Turn   | Place    | Note
-------+----------+-------------------------------------------
     0 | D:1      | juan097 the Minotaur Fighter began the quest for the Orb.
     0 | D:1      | Reached XP level 1. HP: 19/19 MP: 0/0
    80 | D:1      | Reached XP level 2. HP: 26/27 MP: 1/1
   318 | D:1      | Found Opyur's Book Shop.
   357 | D:1      | Reached skill level 4 in Fighting
   391 | D:1      | Reached XP level 3. HP: 28/33 MP: 2/2
   531 | D:2      | Identified the +8 short sword of Corporal Punishment
                  | {venom, ^Fragile rElec Int+6 Stlth+}
   692 | D:2      | Noticed Terence
   705 | D:2      | Killed Terence
   706 | D:2      | Reached XP level 4. HP: 35/40 MP: 3/3
  1178 | D:3      | Identified the +0 ring mail of Kagow {+Inv MP+9 Int-2}
  1191 | D:3      | Reached skill level 5 in Shields
  1194 | D:3      | Reached skill level 1 in Short Blades
  1301 | D:3      | Found an ornate altar of the Wu Jian Council.
  1386 | D:3      | Found a hazy altar of Hepliaklqana.
  1550 | D:3      | Reached XP level 5. HP: 46/46 MP: 4/4
  2062 | D:4      | Noticed Pikel
  2062 | D:4      | Noticed a lemure
  2062 | D:4      | Noticed a lemure
  2062 | D:4      | Noticed a lemure
  2117 | D:3      | Killed a lemure
  2166 | D:3      | Killed a lemure
  2186 | D:3      | Killed Pikel
  2187 | D:3      | Reached skill level 1 in Stealth
  2187 | D:3      | Reached XP level 6. HP: 30/55 MP: 3/5
  2187 | D:3      | Reached XP level 7. HP: 33/60 MP: 3/6
  2281 | D:4      | Found an opulent altar of Gozag.
  2362 | D:4      | Reached skill level 5 in Fighting
  2454 | D:4      | Reached skill level 5 in Armour
  2971 | D:5      | Entered Level 5 of the Dungeon
  3061 | D:5      | Reached skill level 5 in Short Blades
  3221 | D:5      | Reached skill level 1 in Throwing
  3479 | D:5      | Reached XP level 8. HP: 69/69 MP: 7/7
  3658 | D:5      | You fall into a shaft and drop 1 floor!
  3658 | D:6      | Found a stormy altar of Qazlal.
  3658 | D:6      | Found a sparkling altar of Nemelex Xobeh.
  3658 | D:6      | Found a burning altar of Makhleb.
  4344 | D:6      | Found a staircase to the Ecumenical Temple.
  4363 | Temple   | Entered the Ecumenical Temple
  4374 | Temple   | Became a worshipper of Ru the Awakened
  4511 | D:6      | Reached skill level 6 in Fighting
  4625 | D:6      | Reached skill level 7 in Fighting
  4632 | D:6      | Reached XP level 9. HP: 62/79 MP: 8/8
  5001 | D:6      | Found Rusutyl's Magic Scroll Boutique.
  5014 | D:6      | Bought a scroll of blinking for 82 gold pieces
  5014 | D:6      | Bought a scroll of enchant armour for 82 gold pieces
  5014 | D:6      | Bought a scroll of revelation for 82 gold pieces
  5073 | D:6      | Bought a scroll of brand weapon for 104 gold pieces
  5134 | D:7      | Reached skill level 8 in Fighting
  5319 | D:7      | Noticed a gargoyle
  5330 | D:7      | Noticed a komodo dragon
  5373 | D:7      | Noticed a troll
  5381 | D:7      | Killed a troll
  5457 | D:7      | Noticed a troll
  5545 | D:8      | Found Dyblulow's Weapon Shoppe.
  5567 | D:7      | Reached skill level 9 in Fighting
  5597 | D:7      | Reached skill level 5 in Dodging
  5660 | D:7      | Noticed a boulder beetle
  5672 | D:7      | Killed a boulder beetle
  5673 | D:7      | Reached skill level 10 in Fighting
  5673 | D:7      | Reached XP level 10. HP: 64/93 MP: 5/9
  5804 | D:8      | Gained mutation: You are hated by all. [Ru sacrifice]
  5804 | D:8      | Reached * piety under Ru
  5920 | D:8      | Reached skill level 1 in Evocations
  6691 | D:7      | Identified the +8 rapier of the Devouring Asp {heavy, rPois
                  | rN+ Str-5 Dex+4}
  7216 | D:7      | Killed a gargoyle
  8047 | D:9      | Found a flagged portal.
  8047 | D:9      | Noticed Maurice
  8073 | D:9      | Killed Maurice
  8090 | D:9      | Identified the amulet of Itiuleq {RegenMP SInv}
  8104 | Bailey   | Entered a bailey
  8166 | Bailey   | Reached skill level 5 in Throwing
  8635 | Bailey   | Got the Cyclopedia of the Tektite
  8762 | D:9      | Reached XP level 11. HP: 98/101 MP: 10/10
  8766 | D:9      | Gained mutation: You are somewhat unskilled. (-1 Apt) [Ru
                  | sacrifice]
  8766 | D:9      | Reduced skill Dodging to level 5
  8766 | D:9      | Reduced skill Shields to level 5
  8766 | D:9      | Reached ** piety under Ru
  8766 | D:9      | Reached *** piety under Ru
  9132 | D:9      | Got the Compilation of Fatal Geology
  9479 | D:10     | Entered Level 10 of the Dungeon
  9479 | D:10     | Noticed a two-headed ogre
  9484 | D:10     | Killed a two-headed ogre
  9507 | D:10     | Found a staircase to the Lair.
  9585 | D:10     | Noticed Amaemon
  9753 | D:10     | Killed Amaemon
  9754 | D:10     | Reached skill level 5 in Throwing
 10214 | D:10     | Gained mutation: You are missing an eye, making it more
                  | difficult to aim. [Ru sacrifice]
 10214 | D:10     | Reached **** piety under Ru
 10495 | Lair:1   | Entered Level 1 of the Lair of Beasts
 10571 | D:10     | Reached skill level 5 in Axes
 11597 | Lair:1   | Found a shadowy altar of Dithmenos.
 12200 | D:11     | Noticed a two-headed ogre
 12223 | D:11     | Killed a two-headed ogre
 12367 | D:11     | Found a frozen archway.
 12389 | D:11     | Reached XP level 12. HP: 71/108 MP: 11/11
 12400 | D:11     | Reached skill level 11 in Fighting
 12588 | IceCv    | Entered an ice cave
 12682 | IceCv    | Gained mutation: You occasionally lose the ability to drink
                  | potions when taking damage. [Ru sacrifice]
 12682 | IceCv    | Gained mutation: You sometimes lose the ability to drink
                  | potions when taking damage. [Ru sacrifice]
 12682 | IceCv    | Reached ***** piety under Ru
 13115 | IceCv    | Noticed a death yak
 13115 | IceCv    | Noticed a death yak
 13115 | IceCv    | Noticed a death yak
 13136 | IceCv    | Killed a death yak
 13137 | IceCv    | Reached skill level 10 in Armour
 13145 | IceCv    | Killed a death yak
 13149 | IceCv    | Killed a death yak
 13269 | IceCv    | Noticed a death yak
 13270 | IceCv    | Noticed an ironbound frostheart
 13270 | IceCv    | Noticed an ironbound frostheart
 13283 | IceCv    | Killed a death yak
 13289 | IceCv    | Killed an ironbound frostheart
 13326 | IceCv    | Killed an ironbound frostheart
 13333 | IceCv    | HP: 3/112 [polar bear (15)]
 13566 | IceCv    | Reached skill level 10 in Axes
 13569 | IceCv    | Reached skill level 12 in Fighting
 14224 | IceCv    | Identified the +1 plate armour "Animucry" {SInv}
 14334 | D:11     | Reached XP level 13. HP: 116/117 MP: 12/12
 14446 | D:11     | Noticed Gastronok
 14465 | D:11     | Killed Gastronok
 14511 | D:11     | Noticed Snorg
 14707 | D:11     | Noticed Fannar
 14733 | D:11     | Killed Fannar
 14784 | D:10     | Killed Snorg
 15008 | D:11     | Found Miolann's Book Emporium.
 15068 | D:11     | Found a staircase to the Orcish Mines.
 15243 | Orc:1    | Entered Level 1 of the Orcish Mines
 15504 | D:11     | Gained mutation: You cannot voluntarily change form. [Ru
                  | sacrifice]
 16586 | Orc:2    | Entered Level 2 of the Orcish Mines
 17114 | Orc:2    | Found a staircase to the Elven Halls.
 17363 | Orc:2    | Gained mutation: You cannot study or cast Fire magic. [Ru
                  | sacrifice]
 17363 | Orc:2    | Gained mutation: You cannot study or cast Hexes magic. [Ru
                  | sacrifice]
 17363 | Orc:2    | Gained mutation: You cannot study or cast Translocations
                  | magic. [Ru sacrifice]
 17363 | Orc:2    | Reached ****** piety under Ru
 17624 | Orc:2    | Found Qaivviekk's Self-Improvement Boutique.
 17900 | Orc:2    | Reached XP level 14. HP: 92/121 MP: 2/13
 17943 | Orc:2    | Reached skill level 5 in Stealth
 18065 | Orc:2    | Found Camez's General Store.
 18065 | Orc:2    | Found Fohejy's Antique Armour Boutique.
 18066 | Orc:2    | Found Toh Quovau's General Store.
 18066 | Orc:2    | Found Uruh's Magic Scroll Emporium.
 18242 | Orc:2    | Reached skill level 13 in Fighting
 18310 | Orc:2    | Bought a pair of glowing gloves for 202 gold pieces
 18323 | Orc:2    | Bought a potion of curing for 51 gold pieces
 18324 | Orc:2    | Bought a scroll of identify for 28 gold pieces
 18324 | Orc:2    | Bought a scroll of identify for 28 gold pieces
 18324 | Orc:2    | Bought a scroll of identify for 28 gold pieces
 18324 | Orc:2    | Bought a scroll of fog for 56 gold pieces
 18327 | Orc:2    | Identified a scroll of acquirement
 18329 | Orc:2    | Acquired the +3 crown of Dyrovepreva {rElec Int+2 SInv}
 18329 | Orc:2    | Found the +3 crown of Dyrovepreva {rElec Int+2 SInv}
 18347 | Orc:2    | Bought a potion of haste for 130 gold pieces
 18349 | Orc:2    | Bought a scroll of enchant armour for 97 gold pieces
 18440 | Orc:2    | Bought a manual of Throwing for 1120 gold pieces
 18658 | Lair:2   | Found a runed translucent gate.
 18658 | Lair:2   | Found a runed translucent gate.
 18662 | Lair:2   | Found a runed translucent gate.
 18900 | Lair:2   | Noticed Zyoxi's ghost (journeyman VSCK)
 19628 | Lair:2   | Got the ring "Hysaagh" {Fire Dex+7}
 19655 | Lair:2   | Killed Zyoxi's ghost
 19945 | Lair:3   | Found a dark tunnel.
 19984 | Volcano  | Entered a volcano
 20169 | Volcano  | Found a burning altar of Makhleb.
 21270 | Lair:3   | Found a staircase to the Swamp.
 21377 | Lair:3   | Found a hole to the Spider Nest.
 21952 | Lair:4   | Reached XP level 15. HP: 126/137 MP: 14/14
 22054 | Lair:4   | Found a transporter.
 22103 | Lair:4   | Reached skill level 10 in Throwing
 22142 | Lair:4   | Found a staircase to the Slime Pits.
 22174 | Lair:4   | Found a transporter.
 22509 | Lair:4   | Reached skill level 14 in Fighting
 22634 | Lair:4   | Noticed Hoaki's ghost (journeyman HONe)
 22676 | Lair:5   | Entered Level 5 of the Lair of Beasts
 22685 | Lair:5   | Reached skill level 15 in Axes
 24365 | Lair:5   | Found the +9 sword of Zonguldrok {reap}
 24931 | D:12     | Noticed Sonja
 24939 | D:12     | Killed Sonja
 25180 | D:12     | Noticed Frances
 25198 | D:12     | Killed Frances
 25768 | D:13     | Noticed Nessos
 25786 | D:13     | Killed Nessos
 25957 | D:13     | Reached skill level 5 in Evocations
 25957 | D:13     | Reached XP level 16. HP: 139/147 MP: 15/15
 27443 | D:14     | Noticed Azrael
 27457 | D:14     | Killed Azrael
 28030 | D:14     | Found a portal to a secret trove of treasure.
 28326 | D:14     | Found a gate to the Vaults.
 28358 | D:15     | Entered Level 15 of the Dungeon
 28604 | D:15     | Noticed Rupert
 28630 | D:15     | Killed Rupert
 29351 | D:15     | Found a shadowy altar of Dithmenos.
 29586 | D:15     | Found a staircase to the Depths.
 30196 | Swamp:1  | Entered Level 1 of the Swamp
 30393 | Swamp:1  | Reached skill level 15 in Fighting
 31688 | Swamp:1  | Noticed Nikola
 31711 | Swamp:1  | Killed Nikola
 31904 | Swamp:1  | Upgraded the game from 0.32-a0-314-g526f7d4993 to
                  | 0.32-a0-329-ge6c31236d6
 32873 | Swamp:3  | Reached XP level 17. HP: 156/156 MP: 16/16
 34078 | Swamp:4  | Entered Level 4 of the Swamp
 34084 | Swamp:4  | Noticed a tentacled monstrosity
 34417 | Swamp:4  | Noticed a tentacled monstrosity
 34436 | Swamp:4  | Killed a tentacled monstrosity
 34874 | Swamp:4  | Got a decaying rune of Zot
 34949 | Swamp:4  | Reached skill level 16 in Fighting
 35526 | Swamp:4  | Killed a tentacled monstrosity
 36693 | Spider:1 | Entered Level 1 of the Spider Nest
 37314 | Spider:1 | Found a runed translucent gate.
 38107 | Spider:1 | Found a runed translucent gate.
 38109 | Spider:1 | Found a runed translucent gate.
 38120 | Spider:1 | Noticed juan097's ghost (adept AtFi)
 38363 | Spider:2 | Noticed Arachne
 38382 | Spider:2 | Reached skill level 10 in Shields
 38392 | Spider:2 | Killed Arachne
 38399 | Spider:2 | Noticed Donald
 38406 | Spider:2 | Killed Donald
 38407 | Spider:2 | Reached XP level 18. HP: 75/162 MP: 17/17
 38611 | Spider:2 | Reached skill level 10 in Dodging
 38994 | Spider:2 | Noticed Jorgrun
 39012 | Spider:2 | Killed Jorgrun
 39323 | Spider:3 | Reached skill level 15 in Armour
 40406 | Spider:4 | Entered Level 4 of the Spider Nest
 42425 | Spider:4 | Got a gossamer rune of Zot
 42973 | Vaults:1 | Entered Level 1 of the Vaults
 43980 | Vaults:1 | Reached XP level 19. HP: 142/174 MP: 18/18
 45834 | Vaults:2 | Found a staircase to the Crypt.
 45949 | Vaults:2 | Reached skill level 17 in Fighting
 46107 | Vaults:2 | Paralysed by a formless jellyfish for 1 turns
 46739 | Vaults:2 | Reached skill level 15 in Throwing
 47625 | Vaults:3 | Reached skill level 18 in Fighting
 47826 | Vaults:3 | Paralysed by a formless jellyfish for 1 turns
 48115 | Vaults:3 | Reached XP level 20. HP: 102/171 MP: 19/19
 49299 | Vaults:3 | You fall into a shaft and drop 1 floor!
 49514 | Vaults:4 | Found a crumbling gateway.
 49569 | Desolati | Entered the Desolation of Salt
 50007 | Desolati | Identified the +7 chain mail of Tenacity {Dex+3}
 50041 | Desolati | Identified the +5 shortbow of the Absolute Madman {speed,
                  | rElec rN+}
 50312 | Desolati | Got the Incunable of the Frostbound Fifth Circle
 50381 | Desolati | Identified the +4 scale mail of Ziufoty {rPois}
 50566 | Desolati | Identified the +2 whip "Inkoq" {distort, Will+ rCorr Str+3
                  | Dex-4}
 52338 | Vaults:4 | Identified the +3 rapier of Exyc {freeze, rF+ Int+3 Dex+3}
 53016 | Vaults:4 | Reached skill level 10 in Short Blades
 53629 | Depths:1 | Entered Level 1 of the Depths
 53656 | Depths:1 | Reached skill level 19 in Fighting
 53822 | Depths:1 | Found an iron altar of Okawaru.
 53866 | Depths:1 | Found Tiriam's Armour Shop.
 53915 | Depths:1 | Reached XP level 21. HP: 166/198 MP: 20/20
 53993 | Depths:1 | Found a gateway to Hell.
 54636 | Depths:1 | Reached skill level 10 in Stealth
 54682 | Depths:1 | Identified the +5 spear of the Present {pain, rPois rF++}
 54764 | Depths:1 | Reached skill level 10 in Evocations
 55222 | Depths:2 | Found a one-way gate leading to the halls of Pandemonium.
 56583 | Depths:3 | Found a hide-covered altar of Uskayaw.
 56598 | Depths:3 | Identified the +4 robe "Keimaf" {-Cast Fly rPois rN++}
 56598 | Depths:3 | Noticed Boris
 56842 | Depths:3 | Killed Boris
 57100 | Depths:3 | Found a broken altar of Ashenzari.
 57345 | Depths:3 | Reached skill level 20 in Fighting
 57469 | Depths:3 | Identified the +10 mace of Ashenzari's Whim {holy, rPois}
 57503 | Depths:3 | Found a one-way gateway to a ziggurat.
 57663 | Depths:3 | Found Kompuigh's Antique Armour Emporium.
 57666 | Depths:3 | Bought the +2 shield of Resistance {rF++ rC++ Will++} for
                  | 2044 gold pieces
 57666 | Depths:3 | Found the +2 shield of Resistance {rF++ rC++ Will++}
 58150 | Depths:3 | Found a one-way gate to the infinite horrors of the Abyss.
 58214 | Depths:3 | Identified the +8 long sword "Vyiq" {holy, Dex+3}
 58400 | Depths:3 | Found the +8 Vampire's Tooth {megavamp}
 58401 | Depths:3 | Noticed a golden dragon
 58419 | Depths:3 | Killed a golden dragon
 58433 | Depths:3 | Identified the +1 pair of boots of the Shoals {rF- Slay+5
                  | SInv}
 58448 | Depths:3 | Identified the +10 dagger "Milonwal" {flame, *Rage Fly rF+
                  | rN+}
 58483 | Depths:3 | Identified the +5 spear of Mastery {vamp, rN++}
 58897 | Depths:4 | Entered Level 4 of the Depths
 59389 | Depths:4 | Noticed a golden dragon
 59402 | Depths:4 | Killed a golden dragon
 59440 | Depths:4 | Noticed a golden dragon
 60311 | Depths:4 | Found Rugiriam's Antique Armour Boutique.
 60311 | Depths:4 | Found Zyill's Antique Weapon Shop.
 60418 | Depths:4 | Killed a golden dragon
 60498 | Depths:4 | Found a gate to the Realm of Zot.
 60856 | Vaults:5 | Entered Level 5 of the Vaults
 60871 | Vaults:4 | Reached XP level 22. HP: 202/209 MP: 21/21
 60889 | Vaults:5 | Noticed a dread lich
 61003 | Vaults:4 | Killed a dread lich
 61080 | Vaults:5 | Identified the amulet "Kintioh" {Reflect rN+ MP+9 SH+5
                  | SInv}
 61218 | Vaults:5 | Noticed a golden dragon
 61619 | Vaults:5 | Noticed a dread lich
 61698 | Vaults:4 | Killed a dread lich
 63586 | Vaults:5 | Got a silver rune of Zot
 63601 | Vaults:5 | Got the Spellbook of Bolts and Causimancy
 63687 | Vaults:5 | Identified the +0 sling "Jeschuma" {freeze, rC+ Str+3}
 63813 | Vaults:5 | Reached skill level 21 in Fighting
 63952 | Vaults:5 | Killed a golden dragon
 64070 | Vaults:5 | Noticed a golden dragon
 64078 | Vaults:5 | Killed a golden dragon
 64493 | Vaults:5 | Found the sphere of Battle
 64537 | Vaults:5 | Identified the +7 dagger "Waovvisch" {freeze, ^Drain rC+++
                  | Int+2 Dex+2}
 64668 | Vaults:5 | Found the +3 giant club "Skullcrusher" {speed, Str+7}
 65020 | Vaults:5 | Identified the +0 leather armour "Ylir" {rF- rN+ Int+3
                  | Dex+7}
 65400 | Zot:1    | Entered Level 1 of the Realm of Zot
 65411 | Zot:1    | Noticed a golden dragon
 65425 | Zot:1    | Killed a golden dragon
 65448 | Zot:1    | Reached XP level 23. HP: 121/213 MP: 22/22
 65459 | Zot:1    | Noticed an orb of fire
 65492 | Zot:1    | Killed an orb of fire
 66234 | Zot:1    | Reached skill level 15 in Shields
 67278 | D:14     | You paid a toll of +2 storm dragon scales to enter a
                  | treasure trove
 67279 | Trove    | Entered a treasure trove
 67281 | Trove    | Found the +0 pair of fencer's gloves {Riposte Dex+3}
 67282 | Trove    | Found the crystal ball of Wucad Mu {*channel}
 67290 | Trove    | Identified the +9 chain mail of Joicuy {Str+3}
 67296 | Trove    | Identified the +1 hat "Buneid" {rF+ Int+3}
 67302 | Trove    | Identified the +0 pair of boots of the Butcher {rN+ Dex+4}
 67304 | Trove    | Identified the +3 plate armour of Patterns {rPois rC- rCorr
                  | Int-5}
 67854 | Zot:2    | Reached skill level 22 in Fighting
 68205 | Zot:2    | Identified the +6 double sword of Juepest {heavy, rC+
                  | Dex+4}
 69934 | Zot:3    | Reached XP level 24. HP: 87/230 MP: 1/22
 71639 | Zot:3    | Gained mutation: You are frail. (-10% HP) [mutagenic glow]
 72210 | Zot:4    | Noticed an orb of fire
 72210 | Zot:4    | Gained mutation: You are dopey. (Int -2) [an orb of fire]
 72212 | Zot:4    | Gained mutation: Your health recovers twice as slowly from
                  | being drained. [an orb of fire]
 72860 | Zot:4    | Killed an orb of fire
 72933 | Zot:4    | Found a runed translucent gate.
 72933 | Zot:4    | Found a runed translucent gate.
 72933 | Zot:4    | Found a runed translucent gate.
 72933 | Zot:4    | Noticed an ancient lich
 72934 | Zot:4    | Noticed Sackuas's ghost (veteran OnBe)
 74349 | Zot:4    | Killed Sackuas's ghost
 74354 | Zot:4    | Killed an ancient lich
 74361 | Zot:4    | Reached skill level 15 in Dodging
 74778 | Zot:4    | Identified the +3 longbow of the Lamprey {freeze, rF+ Will-
                  | Int+7 Dex-3}
 74798 | Zot:5    | Entered Level 5 of the Realm of Zot
 74964 | Zot:5    | Found Inomem's CLEARANCE SALE!.
 74972 | Zot:5    | Bought a scroll of blinking for 37 gold pieces
 74972 | Zot:5    | Bought 3 darts of dispersal for 13 gold pieces
 75679 | Zot:5    | Noticed a Killer Klown
 75681 | Zot:5    | Noticed an ancient lich
 75681 | Zot:5    | Noticed a Killer Klown
 75693 | Zot:5    | Killed a Killer Klown
 75704 | Zot:5    | Killed an ancient lich
 75713 | Zot:5    | Killed a Killer Klown
 75744 | Zot:5    | Noticed an orb of fire
 75757 | Zot:5    | Killed an orb of fire
 75784 | Zot:5    | Noticed a dread lich
 75797 | Zot:5    | Killed a dread lich
 75798 | Zot:5    | Reached XP level 25. HP: 94/209 MP: 22/22
 75805 | Zot:5    | Noticed a dread lich
 75817 | Zot:5    | Killed a dread lich
 75818 | Zot:5    | Reached skill level 23 in Fighting
 76086 | Zot:5    | Lost mutation: Your health recovers twice as slowly from
                  | being drained. [potion of mutation]
 76086 | Zot:5    | Lost mutation: You are frail. (-10% HP) [potion of
                  | mutation]
 76086 | Zot:5    | Lost mutation: You are dopey. (Int -2) [potion of mutation]
 76086 | Zot:5    | Gained mutation: You expend magic power (3 MP) to
                  | strengthen your wands. [potion of mutation]
 76255 | Zot:5    | Noticed a Killer Klown
 76259 | Zot:5    | Noticed an orb of fire
 76267 | Zot:5    | Gained mutation: You are weak. (Str -2) [an orb of fire]
 76267 | Zot:5    | Noticed a dread lich
 76270 | Zot:5    | Gained mutation: Your health recovers twice as slowly from
                  | being drained. [an orb of fire]
 76273 | Zot:5    | Killed a Killer Klown
 76283 | Zot:5    | Killed a dread lich
 76289 | Zot:5    | Noticed an ancient lich
 76289 | Zot:5    | Gained mutation: You are frail. (-10% HP) [an orb of fire]
 76291 | Zot:5    | Killed an orb of fire
 76304 | Zot:5    | Killed an ancient lich
 76595 | Zot:5    | Lost mutation: You expend magic power (3 MP) to strengthen
                  | your wands. [potion of mutation]
 76595 | Zot:5    | Lost mutation: You are weak. (Str -2) [potion of mutation]
 76595 | Zot:5    | Lost mutation: Your health recovers twice as slowly from
                  | being drained. [potion of mutation]
 76595 | Zot:5    | Gained mutation: Your spells are a little easier to cast,
                  | but a little less powerful. [potion of mutation]
 76596 | Zot:5    | Lost mutation: Your spells are a little easier to cast, but
                  | a little less powerful. [potion of mutation]
 76596 | Zot:5    | Lost mutation: You are frail. (-10% HP) [potion of
                  | mutation]
 76596 | Zot:5    | Gained mutation: You sometimes lose your temper in combat.
                  | [potion of mutation]
 76604 | Zot:5    | Lost mutation: You sometimes lose your temper in combat.
                  | [potion of mutation]
 76604 | Zot:5    | Gained mutation: You are dopey. (Int -2) [potion of
                  | mutation]
 76604 | Zot:5    | Gained mutation: You have very sharp teeth. [potion of
                  | mutation]
 76643 | Zot:5    | Identified the +1 plate armour of Immorality {Int+5}
 76836 | Zot:5    | Got the Orb of Zot
 77042 | D:15     | Noticed Fiuj the pandemonium lord
 77066 | D:15     | Killed Fiuj the pandemonium lord
 77395 | D:1      | Noticed Reify the pandemonium lord
 77397 | D:$      | Escaped with the Orb!

Illustrated notes

Levels and vault maps discovered:
D:1:      lemuel_arrival_river_passageway, layout_rooms, serial_shops,
          nicolae_book_shop_shelving
D:2:      layout_basic, lightli_corner_chamber, uniq_terence
D:3:      layout_basic, nicolae_hepliaklqana_monster_ancestors,
          amcnicky_altar_gilded
D:4:      layout_basic, nicolae_gozag_cash_rules_everything_around_me,
          uniq_pikel
D:5:      nicolae_BIG_FREAKIN_CUBE, layout_layer_cave
D:6:      layout_rooms, chequers_temple_overflow_statue_of_worship,
          minmay_temple_entry_waves, serial_shops, nicolae_lakefront_shop
D:7:      layout_basic, grunt_ministairs_13, minmay_the_grid_2x2
          [minmay_the_grid_minigrid_small, minmay_the_grid_gridbox,
          minmay_the_grid_all_tris, minmay_the_grid_prize_four_corners]
D:8:      wander_river, layout_cave_pools, serial_shops,
          nicolae_shop_bloodbath_and_beyond, grunt_ministairs_13,
          minmay_misc_feat_room, minmay_misc_feat_iff
D:9:      layout_basic, enter_bailey_3, uniq_maurice
D:10:     layout_irregular_city, lemuel_tele_altar, lair_entry_dummy,
          uniq_amaemon
D:11:     layout_rooms, david_orc_3, serial_shops, nicolae_book_shop_shelving,
          portal_ice_cave_entry_animals_and_master, nicolae_wwwww, uniq_snorg,
          uniq_fannar, uniq_gastronok
D:12:     layout_gridville, minmay_librarian, uniq_frances, uniq_sonja
D:13:     layout_cave_pods, nicolae_concentric_dashed_squares_mild,
          chequers_decorated_corner, kennysheep_doodads, uniq_nessos
D:14:     layout_basic, david_vaults_4, enter_trove_2, kennysheep_pointless_box,
          uniq_azrael
D:15:     gammafunk_enter_depths_forms, layout_layer_cave,
          grunt_dithmenos_smoke, grunt_ministairs_9, uniq_rupert
Temple:   nicolae_temple_bog_church
Lair:1:   layout_regular_city, basic_altar, infiniplex_staircase_pool
Lair:2:   layout_gridlike, gammafunk_ghost_icy
Lair:3:   layout_regular_city, alex1729_swamp_entry_worm_eleionoma,
          hellmonk_spider_entry_not_the_bees, enter_volcano_2, st_stairs_10,
          serial_bayou_shore_b
Lair:4:   layout_roguey, minmay_slime_entry_eyes,
          gammafunk_ghost_berserking_beasts, grunt_megastairs_2
Lair:5:   grunt_lair_end_beastmaster, layout_misc_corridors, grunt_megastairs_3
Swamp:1:  layout_basic_swamp, nicolae_swamp_feature_on_the_river_bank,
          swamp_pool_1_2, nicolae_swamp_necromancer_hut, uniq_nikola
Swamp:2:  layout_basic_swamp, nicolae_swamp_fairy_circle
Swamp:3:  layout_basic_swamp, serial_swamp_ruin, evilmike_swamp_ruin_rubble_2,
          evilmike_swamp_ruin_house_6, evilmike_swamp_ruin_house_5,
          swamp_pool_1_2
Swamp:4:  swamp_vile, layout_basic_swamp, swamp_pool_1_2
Spider:1: nicolae_spider_obnoxious_hallway, ebering_ghost_rock_garden
Spider:2: layout_spider_delve, uniq_arachne, uniq_jorgrun, uniq_donald
Spider:3: layout_spider_delve
Spider:4: grunt_spider_rune_parallel
Orc:1:    layout_caves
Orc:2:    st_orc_ogre_mass, layout_diamond_mine, nicolae_shop_self_help
Vaults:1: nicolae_vaults_diamond_2, ontoclasm_vaults_fault, v_misc_32,
          nicolae_vaults_diamond_1, v_misc_2, v_misc_14, grunt_vaults_focal,
          vaults_mumra_chevron, nicolae_vaults_stairing_the_circle,
          nicolae_vaults_shock_wave, grunt_vaults_hallway_short,
          nicolae_vaults_shelves_hall, vaults_room_large_hall,
          nicolae_vaults_gold_heap, vaults_room_corners, layout_vaults_big_cross
Vaults:2: nicolae_vaults_double_plus_1, nicolae_vaults_house_1,
          minmay_crypt_entry_simple_box, nicolae_vaults_offset_grid_hallway_3,
          dpeg_vaults_monster_row, nicolae_vaults_heart-shaped_vault,
          ontoclasm_vaults_ligature, vaults_room_boxed,
          nicolae_vaults_tetromino_T_2, nicolae_vaults_trapezoid_1,
          vaults_mumra_hexcomb, layout_vaults_ring
Vaults:3: v_misc_9, hangedman_vaults_nodes, nicolae_vaults_sightless_eye,
          vaults_room_door_ring, nicolae_vaults_rhombus_6, vaults_room_pool,
          vaults_dpeg_encased_lava, vaults_room_semicircle,
          nicolae_vaults_angled_halls, nicolae_vaults_tetromino_Z_2,
          layout_vaults_quadrants
Vaults:4: portal_desolation_entry_salt, v_pattern_1, nicolae_vaults_turnstiles,
          v_misc_9, nicolae_vaults_trapezoid_4, v_alt_pattern_2,
          nicolae_vaults_apartment_1, nicolae_vaults_wine_cellar,
          vaults_room_hallway, ontoclasm_vaults_decontamination,
          serial_library_hellmonk_reading_circle, layout_vaults_chaotic_city
Vaults:5
Depths:1: layout_gridlike, serial_shops, shop, pf_hell_entry_tar_river,
          okawaru_ov_weapons_minmay, serial_bayou_shore_b, grunt_megastairs_4
Depths:2: nicolae_cairo_tiling_very_big, layout_basic,
          chequers_serial_rivers_room_a, serial_curves, eino_curves_04,
          eino_curves_04, grunt_hell_entry_dis_grunt, pan_entry
Depths:3: gold_lair_mu, layout_long_grid, enter_ziggurat_a, abyss_entry,
          serial_shops, nicolae_shop_pleasant_corner_grove,
          cheibrodos_ashenzari_chains, pf_coc_iceberg,
          nicolae_uskayaw_murder_on_the_dancefloor,
          infiniplex_staircase_zigzag_2, uniq_boris
Depths:4: grunt_twist_and_shout, layout_gridlike, serial_sigils_hangedman_gut,
          abyss_entry_glasseish, hell_entry, minmay_shoptagon
Zot:1:    layout_misc_corridors, nicolae_lava_and_water
Zot:2:    minmay_elemental_castle, layout_twisted_circle,
          regret_index_zot_stipple_split, nicolae_rock_paper_scissors
Zot:3:    regret_index_zot_pan_timeshare, layout_gridville,
          hangedman_zot_decor_slant
Zot:4:    layout_cathedral_of_symmetry, gammafunk_ghost_necromancy,
          grunt_ministairs_11, lemuel_lake_of_fire
Zot:5:    layout_onion, regret_index_zotdec_slimy_original,
          nicolae_shop_clearance

Skill      XL: |  1  2  3  4  5  6  7  8  9 10 11 12 13 14 15 16 17 18 19 20 21 22 23 24 25 |
---------------+----------------------------------------------------------------------------+-----
Shields        | 4 5 6 5 7 8 9 10 11 12 14 18 19 | 19.8
Armour         | 4 5 6 8 9 9 10 12 13 14 16 17 18 19 20 21 | 21.6
Fighting       | 4 5 7 10 12 13 14 15 16 18 19 20 21 22 23 | 23.4
Axes           | 3 4 7 10 12 14 16 17 18 | 18.0
Short Blades   | 2 4 5 6 7 7 8 10 | 10.0
Dodging        | 2 3 5 6 5 6 7 9 10 12 14 15 | 15.0
Stealth        | 1 2 4 3 4 6 7 8 9 10 | 10.0
Throwing       | 1 4 5 5 7 8 9 10 12 13 14 15 16 | 16.0
Evocations     | 3 4 5 6 8 9 12 13 | 13.7

Action                     |  1- 3 |  4- 6 |  7- 9 | 10-12 | 13-15 | 16-18 | 19-21 | 22-24 | 25-27 || total
---------------------------+-------+-------+-------+-------+-------+-------+-------+-------+-------++-------
  Melee: War axe           |    34 |       |       |       |       |       |       |       |       ||    34
         Headbutt          |     5 |    12 |    39 |   135 |   213 |   289 |   282 |   381 |    55 ||  1411
         Short sword       |     5 |   100 |   211 |   514 |       |       |       |       |       ||   830
         Broad axe         |       |       |       |   262 |  1214 |  1701 |  1426 |  1465 |   208 ||  6276
         Rapier            |       |       |       |       |     4 |     2 |       |       |       ||     6
         Bite              |       |       |       |       |       |       |       |       |     2 ||     2
  Throw: Dart              |       |       |    53 |    10 |    42 |   182 |    20 |     5 |     1 ||   313
         Boomerang         |       |       |       |   175 |   270 |   125 |       |    57 |       ||   627
         Throwing net      |       |       |       |     3 |     1 |     4 |       |       |       ||     8
         Javelin           |       |       |       |       |       |       |       |     5 |     8 ||    13
 Invoke: Sacrifice Love    |       |       |       |     1 |       |       |       |       |       ||     1
         Sacrifice Skill   |       |       |       |     1 |       |       |       |       |       ||     1
         Sacrifice an Eye  |       |       |       |     1 |       |       |       |       |       ||     1
         Apocalypse        |       |       |       |     3 |     4 |     4 |     5 |     6 |       ||    22
         Draw Out Power    |       |       |       |     1 |       |     1 |       |       |       ||     2
         Sacrifice Drink   |       |       |       |     1 |       |       |       |       |       ||     1
         Sacrifice Arcana  |       |       |       |       |     1 |       |       |       |       ||     1
         Sacrifice Forms   |       |       |       |       |     1 |       |       |       |       ||     1
  Evoke: Wand              |       |       |       |     8 |    10 |    64 |    47 |    42 |     5 ||   176
         Condenser vane    |       |       |       |       |       |     2 |     2 |     2 |     1 ||     7
    Use: Scroll            |       |       |    10 |    11 |    14 |     9 |     8 |    12 |       ||    64
         Potion            |       |       |     1 |     3 |     1 |    14 |     3 |    15 |     8 ||    45
   Stab: Sleeping          |       |       |     4 |     2 |     4 |     5 |    18 |       |       ||    33
         Held in net/web   |       |       |       |     2 |     2 |     2 |       |       |       ||     6
         Invisible         |       |       |       |     1 |     9 |    14 |     9 |    27 |       ||    60
         Paralysed         |       |       |       |     1 |     3 |     9 |     7 |    14 |       ||    34
         Distracted        |       |       |       |     1 |     3 |     9 |     9 |     5 |     1 ||    28
         Petrified         |       |       |       |       |     5 |       |       |       |       ||     5
 Armour: Scale mail        |    23 |    62 |    85 |   125 |   368 |   194 |    50 |       |       ||   907
         Acid dragon scale |       |       |       |   163 |       |       |       |       |       ||   163
         Chain mail        |       |       |       |   270 |       |       |   347 |       |       ||   617
         Plate armour      |       |       |       |    12 |   356 |       |       |       |       ||   368
         Swamp dragon scal |       |       |       |       |       |   666 |   294 |       |       ||   960
         Gold dragon scale |       |       |       |       |       |       |   131 |   841 |    80 ||  1052
  Dodge: Dodged            |    13 |    22 |    75 |   337 |   547 |  1034 |   749 |   411 |    37 ||  3225
  Block: Buckler           |     6 |    15 |    44 |   166 |   365 |   486 |   237 |       |       ||  1319
         Kite shield       |       |       |       |       |       |       |   342 |   910 |   109 ||  1361
         Reflection        |       |       |       |       |       |       |     1 |    47 |     2 ||    50

Table legend: (Time is in decaauts)
 A = Elapsed time spent in this place.
 B = Non-inter-level travel time spent in this place.
 C = Inter-level travel time spent in this place.
 D = Time resting spent in this place.
 E = Time spent auto-exploring this place.
 F = Levels seen in this place.
 G = Mean time per level.
                   A        B        C        D        E       F      G
               +--------+--------+--------+--------+--------+-----+--------+
         Total |  76373 |  69348 |   7025 |   3347 |  50459 |  50 | 1527.5 |
       Dungeon |  19906 |  16802 |   3104 |    576 |  12702 |  15 | 1327.1 |
        Temple |     22 |     12 |     10 |      0 |      0 |   1 |   22.0 |
          Lair |   7758 |   7097 |    661 |    132 |   5336 |   5 | 1551.6 |
         Swamp |   5679 |   5491 |    188 |    740 |   3679 |   4 | 1419.8 |
   Spider Nest |   5396 |   5015 |    381 |    209 |   3510 |   4 | 1349.0 |
  Orcish Mines |   2482 |   2241 |    241 |      0 |   1584 |   2 | 1241.0 |
        Vaults |  13124 |  12081 |   1043 |    861 |   8718 |   5 | 2624.8 |
        Depths |   7889 |   7014 |    875 |    593 |   5099 |   4 | 1972.2 |
           Zot |   9558 |   9039 |    519 |    161 |   7097 |   5 | 1911.6 |
         Trove |     58 |     58 |      0 |      0 |      5 |   1 |   58.0 |
        Bailey |    580 |    580 |      0 |      0 |    329 |   1 |  580.0 |
      Ice Cave |   1715 |   1715 |      0 |      3 |   1166 |   1 | 1715.0 |
       Volcano |    909 |    909 |      0 |     62 |    503 |   1 |  909.0 |
    Desolation |   1292 |   1292 |      0 |      8 |    727 |   1 | 1292.0 |
               +--------+--------+--------+--------+--------+-----+--------+

Top non-repeatable levels by time:
Vaults:4: 4297 daAuts
   Zot:3: 3201 daAuts
Vaults:3: 2429 daAuts
    D:15: 2428 daAuts
Vaults:1: 2387 daAuts
Depths:4: 2381 daAuts
Vaults:2: 2305 daAuts
Depths:3: 2177 daAuts
  Lair:3: 2175 daAuts
Spider:4: 2098 daAuts
    D:14: 2051 daAuts
     D:7: 2049 daAuts
    D:11: 2043 daAuts
   Zot:2: 1944 daAuts
   Zot:5: 1889 daAuts
